 Dungeon Crawl Stone Soup version 0.21-a0-125-gb006224 (webtiles) character file.

720 4thArraOfDagon the Digger (level 7, -2/50 HPs)
             Began as a Demigod Earth Elementalist on July 15, 2017.
             Slain by a hornet (11 damage)
             ... on level 7 of the Dungeon.
             The game lasted 00:10:46 (1995 turns).

4thArraOfDagon the Digger (DgEE)                    Turns: 1995, Time: 00:10:46

Health: -2/50      AC:  7    Str: 11    XL:     7   Next: 19%
Magic:  10/15      EV: 11    Int: 23    God:
Gold:   149        SH:  0    Dex: 16    Spells: 7/13 levels left

rFire    . . .     SeeInvis .   n - +0 flail (curse)
rCold    . . .     Gourm    .   (no shield)
rNeg     . . .     Faith    +   G - +0 ring mail
rPois    +         Spirit   .   (no helmet)
rElec    .         Reflect  .   (no cloak)
rCorr    .         Harm     .   (no gloves)
MR       .....                  E - +1 pair of boots {run}
Stlth    +.........             J - amulet of faith
HPRegen  0.16/turn              s - ring of poison resistance
MPRegen  0.14/turn              (no ring)

@: very slightly contaminated, hasted, very quick
A: high mp 1
a: no special abilities


You were on level 7 of the Dungeon.
You were not hungry.

You visited 1 branch of the dungeon, and saw 7 of its levels.

You collected 329 gold pieces.
You spent 180 gold pieces at shops.

Inventory:

Hand Weapons
 i - a cursed +0 hunting sling
 l - a +2 hand axe of chopping
 n - a cursed +0 flail (weapon)
Missiles
 b - 61 stones (quivered)
 q - a throwing net
Armour
 c - a +0 robe
 E - a +1 pair of boots of running (worn)
 G - a +0 ring mail (worn)
Jewellery
 s - a ring of poison resistance (left hand)
 v - an uncursed ring of ice
 w - an uncursed amulet of guardian spirit
 J - an amulet of faith (around neck)
Wands
 u - a wand of lightning (5/15)
 D - a wand of iceblast (5/15)
 I - a wand of disintegration (4/24)
Scrolls
 a - 5 scrolls of remove curse {unknown}
 f - 3 scrolls of amnesia {unknown}
 h - 5 scrolls of identify {unknown}
 j - 3 scrolls of magic mapping {unknown}
 k - a scroll of fear {unknown}
 t - 2 scrolls of fog {unknown}
 x - 3 scrolls of teleportation {unknown}
 y - a scroll of noise {unknown}
 B - a scroll of enchant weapon {unknown}
 F - a scroll of recharging {unknown}
Potions
 g - a potion of brilliance {unknown}
 m - 2 potions of ambrosia {unknown}
 o - a potion of haste
 r - a potion of heal wounds {unknown}
 A - a potion of agility {unknown}
 K - a potion of invisibility {unknown}
Books
 e - a book of Geomancy

   Spells                             Type                      Level
   a - Sandblast                      Earth                        1
   b - Passwall                       Transmutation/Earth          2
   c - Stone Arrow                    Conjuration/Earth            3
   d - Petrify                        Transmutation/Earth          4
   e - Lee's Rapid Deconstruction     Earth                        5
Comestibles
 d - 5 bread rations
 p - 2 fruits
 z - a royal jelly
 C - 5 chunks of flesh
 H - a meat ration


   Skills:
 - Level 1.7 Dodging
 - Level 1.7 Stealth
 + Level 3.7 Spellcasting
   Level 0.8 Transmutations
 * Level 7.1 Earth Magic


You had 7 spell levels left.
You knew the following spells:

 Your Spells              Type           Power        Failure   Level  Hunger
a - Sandblast             Erth           #####.       1%          1    None
b - Lee's Rapid Deconstr  Erth           #####.....   36%         5    ######.


Dungeon Overview and Level Annotations

Branches:
Dungeon (7/15)
 Temple: D:4-7

Shops:
D:6 [


Innate Abilities, Weirdness & Mutations

You have an increased reservoir of magic. (+10% MP)


Message History

Okay, then.
Unknown command.
Evoke which item? (* to show all) (? for menu, Esc to quit)
Aiming: Disintegrate (will waste charges)
Press: ? - help, Shift-Dir - straight line, f/p - hornet
Aim: a hornet (moderately wounded, chance to defeat MR: 56%)
The hornet resists with significant effort.
Evoking this partially-identified wand wasted a few charges.
The jackal closely misses you.
The jackal bites you but does no damage.
The hornet stings you.
* * * LOW HITPOINT WARNING * * *
Unknown command.
Unknown command.
Unknown command.
It was a potion of haste.
You feel yourself speed up. The jackal barely misses you.
The jackal bites you but does no damage.
The hornet stings you!
You die...

##############
########............#
#####
.........y@.........#
#....
#.......hh†........###.###
#.>......................'
#..........###########.###
#..........# #.# #
##+######### #.# # #.# #
#.# # #.# #


You could see a hornet and 2 jackals.

Vanquished Creatures
  An ogre (D:7)
  A phantom (D:6)
  A bullfrog (D:7)
  2 howler monkeys
  A centaur zombie (D:6)
  A bullfrog zombie (D:5)
  2 hounds
  2 orc priests (D:6)
  An orc wizard (D:6)
  3 worker ants
  5 adders
  An adder skeleton (D:4)
  2 worms
  4 leopard geckos
  17 orcs
  A giant cockroach (D:3)
  4 goblins (D:1)
  6 hobgoblins
  A jackal (D:7)
  A quokka (D:2)
  2 bats
  2 frilled lizards
  6 kobolds
  9 rats
76 creatures vanquished.

Notes
Turn   | Place    | Note
-------+----------+-------------------------------------------
     0 | D:1      | 4thArraOfDagon the Demigod Earth Elementalist began the quest for the Orb.
     0 | D:1      | Reached XP level 1. HP: 14/14 MP: 5/5
   118 | D:1      | You fall through a shaft!
   185 | D:1      | Reached skill level 3 in Earth Magic
   222 | D:1      | Reached XP level 2. HP: 15/20 MP: 7/7
   398 | D:2      | Reached XP level 3. HP: 21/26 MP: 6/9
   666 | D:3      | Found a sparkling altar of Nemelex Xobeh.
   955 | D:4      | Reached skill level 4 in Earth Magic
  1103 | D:4      | Reached XP level 4. HP: 25/33 MP: 7/10
  1144 | D:5      | Entered Level 5 of the Dungeon
  1203 | D:5      | Found a deep blue altar of Sif Muna.
  1307 | D:5      | Reached skill level 5 in Earth Magic
  1307 | D:5      | Reached XP level 5. HP: 23/38 MP: 3/11
  1319 | D:5      | Learned a level 5 spell: Lee's Rapid Deconstruction
  1362 | D:5      | Found a sparkling altar of Nemelex Xobeh.
  1372 | D:6      | Noticed a phantom
  1375 | D:6      | Killed a phantom
  1421 | D:6      | Found Utooll's Antique Armour Emporium.
  1431 | D:6      | Bought a pair of runed boots for 180 gold pieces
  1436 | D:6      | Identified a +1 pair of boots of running (You bought it in a shop on level 6 of the Dungeon)
  1543 | D:6      | Reached XP level 6. HP: 44/45 MP: 7/13
  1555 | D:6      | Reached skill level 6 in Earth Magic
  1839 | D:7      | Found a shadowy altar of Dithmenos.
  1917 | D:7      | Reached XP level 7. HP: 49/50 MP: 12/15
  1978 | D:7      | Reached skill level 7 in Earth Magic
  1984 | D:7      | Noticed a hornet
  1995 | D:7      | Slain by a hornet

Vault maps used:
D:1:      matt_arrival_los_fun
D:2:      minmay_pentomino_x2
D:3:      lemuel_coloured_pillars_altar, lemuel_zombie_altar_yredelemnul,
          first_bread, nrook_mini_backslash, minmay_misc_feat_chi
D:4:      serial_bayou_lagoon_a, uniq_crazy_yiuf_cottage
D:5:      led_sif_book, temple_hall, minmay_splitting_lines,
          nemelex_altar_shiori
D:6:      serial_shops, shop
D:7:      lemuel_doored_altar, serial_shops, shop

Skill      XL: |  1  2  3  4  5  6  7 |
---------------+----------------------+-----
Spellcasting   | 2 3 |  3.7
Earth Magic    | 3 4 5 6 7 |  7.1
Dodging        | |  1.7
Stealth        | |  1.7
Transmutations | |  0.8

Action                   |  1- 3 |  4- 6 |  7- 9 || total
-------------------------+-------+-------+-------++-------
Melee: Hand axe          |    36 |       |       ||    36
       Flail             |    25 |     8 |     3 ||    36
 Cast: Sandblast         |    20 |    59 |     8 ||    87
Evoke: Wand              |       |       |     1 ||     1
  Use: Potion            |       |       |     1 ||     1
 Stab: Sleeping          |     4 |       |       ||     4
       Distracted        |     1 |       |       ||     1
  Eat: Chunk             |     1 |     2 |       ||     3
Armor: Robe              |    10 |     1 |       ||    11
       Ring mail         |       |     5 |    15 ||    20
Dodge: Dodged            |    53 |    20 |    16 ||    89
